 Dungeon Crawl Stone Soup version 0.29.0-4-gdea44cf6ec (webtiles) character file.

Game seed: 6001002073161082539

420 qw the Ruffian (level 6, 0/51 HPs)
             Began as a Ghoul Fire Elementalist on Aug 29, 2022.
             Was an Initiate of Okawaru.
             Slain by a gnoll
             ... wielding a +0 spear
              (6 damage)
             ... on level 5 of the Dungeon.
             The game lasted 00:03:21 (4784 turns).

qw the Ruffian (Ghoul Fire Elementalist)            Turns: 4784, Time: 00:03:21

Health: 0/51       AC:  8    Str: 14      XL:     6   Next: 94%
Magic:  7/7        EV:  6    Int:  7 (10) God:    Okawaru [......]
Gold:   227        SH:  0    Dex:  9      Spells: 7/8 levels left

rFire   . . .      SeeInvis .     - Unarmed
rCold   + . .      Faith    .   (no shield)
rNeg    + + +      Spirit   .   e - +0 chain mail
rPois   inf        Reflect  .   (no helmet)
rElec   .          Harm     .   (no cloak)
rCorr   .          Rampage  .   (no gloves)
Will    .....                   (no boots)
Stlth   ..........              (no amulet)
HPRegen 0.00/turn               (no ring)
MPRegen 0.10/turn               (no ring)

@: inhibited regen
A: claws 1, cold resistance 1, negative energy resistance 3, inhibited
regeneration, torment resistance 2, devour on kill
a: Renounce Religion


You were on level 5 of the Dungeon.
You worshipped Okawaru.
Okawaru was noncommittal.
You visited 1 branch of the dungeon, and saw 5 of its levels.

You collected 227 gold pieces.


Innate Abilities, Weirdness & Mutations

You are immune to poison.
You have sharp fingernails.
Your flesh is cold resistant. (rC+)
You are immune to negative energy. (rN+++)
You do not regenerate when monsters are visible.
You are immune to unholy pain and torment.
You thrive by killing the living.


   Skills:
 - Level 3.0 Fighting
 - Level 1.0 Armour
 - Level 1.7 Dodging
 - Level 2.1 Stealth
 + Level 6.4 Unarmed Combat
 - Level 1.7 Spellcasting
 - Level 0.7 Conjurations
 - Level 2.4 Fire Magic


You had 7 spell levels left.
You knew the following spells:

 Your Spells              Type           Power      Damage    Failure   Level
a - Foxfire               Conj/Fire      8%         2x1d4     99%         1

Your spell library contained the following spells:

 Spells                   Type           Power      Damage    Failure   Level
 Scorch                   Fire           6%         2d5       99%         2
 Conjure Flame            Conj/Fire      2%         6-21      100%        3
 Inner Flame              Hex/Fire       2%         N/A       100%        3
 Flame Wave               Conj/Fire      2%         2d4       100%        4

Inventory:

Armour
 e - a +0 chain mail (worn)
Scrolls
 c - a scroll of identify
Potions
 a - a potion of haste {unknown}
 d - a potion of cancellation {unknown}
 f - a potion of magic
 g - 3 potions of curing
 i - a potion of ambrosia {unknown}

Dungeon Overview and Level Annotations

Branches:
Dungeon (5/15)
 Temple: D:4-7

Altars:
Nemelex Xobeh
Okawaru


Message History

2 gnolls come into view.
You see here a +0 hand axe.
You scratch the gnoll.
The gnoll is moderately wounded.
You closely miss the gnoll.
The gnoll is moderately wounded.
The gnoll hits you with a +0 whip.
The gnoll hits you from afar with a +0 spear.
You barely miss the gnoll.
The gnoll is moderately wounded.
The gnoll completely misses you.
The gnoll hits you from afar with a +0 spear.
You scratch the gnoll.
The gnoll is severely wounded.
The gnoll closely misses you. The gnoll hits you but does no damage.
4778 ||| Stepping ~*~*~tactically~*~*~ (outnumbered).
The gnoll attacks as you move away! The gnoll hits you but does no damage.
You barely miss the gnoll.
The gnoll hits you from afar with a +3 spear.
You closely miss the gnoll.
The gnoll is severely wounded.
The gnoll hits you from afar with a +3 spear.
The gnoll barely misses you. x3
You closely miss the gnoll.
The gnoll is severely wounded.
The gnoll barely misses you. The gnoll hits you with a +0 flail!
The gnoll hits you but does no damage. The gnoll hits you with a +0 whip.
You barely miss the gnoll.
The gnoll is severely wounded.
You completely miss the gnoll.
The gnoll is severely wounded.
The gnoll hits you from afar with a +3 spear!
The gnoll hits you with a +0 flail. The gnoll hits you with a +0 whip.
The gnoll hits you from afar with a +0 spear.
You completely miss the gnoll.
The gnoll is severely wounded.
The gnoll hits you from afar with a +3 spear.
The gnoll hits you with a +0 flail.
The gnoll hits you from afar with a +0 spear.
You die...

.# ...#
#...##
#...###
#.<@####
###ggg.#
###g...#
##.....
#... #.


You could see 4 gnolls.

Vanquished Creatures
  A water moccasin (D:4)
  A hound (D:4)
  Natasha (thrice) (D:2)
  6 gnolls (D:4)
  7 adders
  An ufetubus (D:4)
  3 worms
  2 dart slugs
  3 orcs (D:3)
  4 bats
  6 endoplasms
  5 giant cockroaches
  7 goblins
  8 hobgoblins
  3 quokkas
  5 ball pythons
  5 frilled lizards
  5 kobolds
  3 rats (D:2)
78 creatures vanquished.

Notes
Turn   | Place    | Note
-------+----------+-------------------------------------------
     0 | D:1      | qw the Ghoul Fire Elementalist began the quest for the Orb.
     0 | D:1      | Reached XP level 1. HP: 14/14 MP: 2/2
     0 | D:1      | 0 ||| qw: Version: 0.1-a-90-g952f4b7
     0 | D:1      | 0 ||| qw: Game counter: 3855
     0 | D:1      | 0 ||| qw: Always use a shield: true
     0 | D:1      | 0 ||| qw: God list: Okawaru
     0 | D:1      | 0 ||| qw: Allow faded altars: false
     0 | D:1      | 0 ||| qw: Do Orc after D:15 true
     0 | D:1      | 0 ||| qw: Do second Lair branch before Depths: true
     0 | D:1      | 0 ||| qw: Lair rune preference: random
     0 | D:1      | 0 ||| qw: Plans: Normal
     0 | D:1      | 0 ||| PLANNING D:1-11
    56 | D:1      | 56 ||| Stepping ~*~*~tactically~*~*~ (stealth).
    58 | D:1      | 58 ||| Stepping ~*~*~tactically~*~*~ (stealth).
    62 | D:1      | 62 ||| Stepping ~*~*~tactically~*~*~ (outnumbered).
    63 | D:1      | 63 ||| Stepping ~*~*~tactically~*~*~ (outnumbered).
    64 | D:1      | 64 ||| Stepping ~*~*~tactically~*~*~ (outnumbered).
    65 | D:1      | 65 ||| Stepping ~*~*~tactically~*~*~ (outnumbered).
    66 | D:1      | 66 ||| Stepping ~*~*~tactically~*~*~ (outnumbered).
    71 | D:1      | Reached skill level 1 in Unarmed Combat
    74 | D:1      | HP: 2/14 [goblin/+0 club (3)]
   360 | D:1      | Reached skill level 1 in Fighting
   360 | D:1      | Reached XP level 2. HP: 23/23 MP: 3/3
   529 | D:1      | 529 ||| UPGRADING to +0 ring mail.
   541 | D:1      | 541 ||| Stepping ~*~*~tactically~*~*~ (outnumbered).
   546 | D:1      | 546 ||| Stepping ~*~*~tactically~*~*~ (outnumbered).
   547 | D:1      | 547 ||| Stepping ~*~*~tactically~*~*~ (outnumbered).
   550 | D:1      | 550 ||| Stepping ~*~*~tactically~*~*~ (outnumbered).
   551 | D:1      | 551 ||| Stepping ~*~*~tactically~*~*~ (outnumbered).
   552 | D:1      | 552 ||| Stepping ~*~*~tactically~*~*~ (outnumbered).
   553 | D:1      | 553 ||| Stepping ~*~*~tactically~*~*~ (outnumbered).
   554 | D:1      | 554 ||| Stepping ~*~*~tactically~*~*~ (outnumbered).
   555 | D:1      | 555 ||| Stepping ~*~*~tactically~*~*~ (outnumbered).
   556 | D:1      | 556 ||| Stepping ~*~*~tactically~*~*~ (outnumbered).
   557 | D:1      | 557 ||| Stepping ~*~*~tactically~*~*~ (outnumbered).
   558 | D:1      | 558 ||| Stepping ~*~*~tactically~*~*~ (outnumbered).
   560 | D:1      | 560 ||| Stepping ~*~*~tactically~*~*~ (outnumbered).
   565 | D:1      | Reached skill level 2 in Unarmed Combat
   763 | D:1      | 763 ||| UPGRADING to +0 ring mail.
   773 | D:1      | 773 ||| DROPPING +0 robe.
   964 | D:1      | Reached XP level 3. HP: 28/28 MP: 4/4
   980 | D:1      | Found a faded altar of an unknown god.
  1364 | D:1      | 1364 ||| READING scroll labelled QUSUSA IRUM.
  1365 | D:1      | 1365 ||| READING scroll labelled XOSYUN NISAILL.
  1366 | D:1      | 1366 ||| READING scroll labelled WIOHOP KIQOIT.
  1367 | D:1      | 1367 ||| READING scroll labelled APEHEE QOTEA.
  1368 | D:1      | 1368 ||| DRINKING 2 green potions.
  1369 | D:1      | 1369 ||| DROPPING potion of magic.
  1519 | D:2      | Reached skill level 3 in Unarmed Combat
  1538 | D:2      | 1538 ||| Stepping ~*~*~tactically~*~*~ (hiding).
  1565 | D:2      | 1565 ||| Stepping ~*~*~tactically~*~*~ (stealth).
  1566 | D:2      | 1566 ||| Stepping ~*~*~tactically~*~*~ (hiding).
  1713 | D:2      | Reached XP level 4. HP: 33/35 MP: 5/5
  1791 | D:2      | Noticed Natasha
  1803 | D:2      | Killed Natasha
  1804 | D:2      | Reached skill level 4 in Unarmed Combat
  1844 | D:2      | 1844 ||| Stepping ~*~*~tactically~*~*~ (stealth).
  1994 | D:2      | Noticed Natasha
  1995 | D:2      | 1995 ||| Stepping ~*~*~tactically~*~*~ (stealth).
  1997 | D:2      | 1997 ||| Stepping ~*~*~tactically~*~*~ (hiding).
  2004 | D:2      | Killed Natasha
  2005 | D:2      | Reached XP level 5. HP: 30/42 MP: 6/6
  2054 | D:2      | Noticed Natasha
  2065 | D:2      | Killed Natasha
  2308 | D:2      | 2308 ||| UPGRADING to +0 chain mail.
  2318 | D:2      | 2318 ||| DROPPING +0 ring mail.
  2319 | D:2      | 2319 ||| READING scroll labelled VEHAOJ FIPRUXU.
  2841 | D:3      | Reached skill level 1 in Armour
  2868 | D:3      | 2868 ||| READING 2 scrolls labelled HAOCUENOSI.
  2869 | D:3      | 2869 ||| READING scroll labelled XISTRU QY VEKO.
  2870 | D:3      | 2870 ||| DRINKING 2 blue potions.
  2871 | D:3      | 2871 ||| READING 2 scrolls of identify.
  2871 | D:3      | 2871 ||| IDENTIFYING lumpy pink potion
  2872 | D:3      | 2872 ||| DROPPING potion of lignification.
  2873 | D:3      | 2873 ||| DROPPING potion of degeneration.
  2874 | D:3      | 2874 ||| DROPPING scroll of fear.
  3070 | D:4      | Reached skill level 5 in Unarmed Combat
  3070 | D:4      | Reached XP level 6. HP: 46/50 MP: 7/7
  3073 | D:4      | 3073 ||| Stepping ~*~*~tactically~*~*~ (stealth).
  3185 | D:4      | Noticed a water moccasin
  3208 | D:4      | HP: 9/50 [water moccasin (4)]
  3209 | D:4      | HP: 4/50 [water moccasin (5)]
  3210 | D:4      | Killed a water moccasin
  3211 | D:4      | Reached skill level 6 in Unarmed Combat
  3529 | D:4      | Found a sparkling altar of Nemelex Xobeh.
  3599 | D:4      | Found an iron altar of Okawaru.
  3605 | D:4      | Became a worshipper of Warmaster Okawaru
  3940 | D:4      | Reached skill level 3 in Fighting
  4308 | D:4      | 4308 ||| Stepping ~*~*~tactically~*~*~ (outnumbered).
  4309 | D:4      | 4309 ||| Stepping ~*~*~tactically~*~*~ (outnumbered).
  4310 | D:4      | 4310 ||| Stepping ~*~*~tactically~*~*~ (outnumbered).
  4720 | D:4      | 4720 ||| READING scroll labelled FAONE TOBAE.
  4771 | D:5      | Entered Level 5 of the Dungeon
  4778 | D:5      | 4778 ||| Stepping ~*~*~tactically~*~*~ (outnumbered).
  4783 | D:5      | HP: 12/51 [gnoll/+0 flail (4)]
  4784 | D:5      | Slain by a gnoll

Levels and vault maps discovered:
D:1:      saegor_arrival_simple_b, layout_loops_ring,
          shapermc_ecumenical_altar_totnotflames, minmay_misc_feat_diagonals
D:2:      layout_basic, minmay_bisected, uniq_natasha
D:3:      layout_basic, guppyfry_early_lair_pool
D:4:      layout_layer_cave, mainiacjoe_overflow_catch_the_wave
D:5:      layout_cave_pods, minmay_temple_entry_waves

Skill      XL: |  1  2  3  4  5  6 |
---------------+-------------------+-----
Unarmed Combat | 1 2 3 4 5 6 |  6.4
Fighting       | 1 2 3 |  3.0
Armour         | 1 |  1.0
Dodging        | |  1.7
Stealth        | |  2.1
Spellcasting   | |  1.7
Conjurations   | |  0.7
Fire Magic     | |  2.4

Action                   |  1- 3 |  4- 6 || total
-------------------------+-------+-------++-------
Melee: Unarmed           |   113 |   215 ||   328
       Punch             |     3 |     4 ||     7
  Use: Scroll            |     4 |     5 ||     9
       Potion            |     1 |     1 ||     2
Armor: Robe              |    11 |       ||    11
       Ring mail         |    12 |    17 ||    29
       Chain mail        |       |    64 ||    64
Dodge: Dodged            |    60 |    85 ||   145

Table legend:
 A = Non-vault XP
 B = Vault XP
 C = Vault XP percentage of total XP
 D = Non-vault monster count
 E = Vault monster count
 F = Vault count percentage of total count
                 A         B        C        D         E       F
            +---------+---------+-------+---------+---------+-------
      Total |     562 |      39 |   6.5 |      75 |       3 |   3.8
            +---------+---------+-------+---------+---------+-------
        D:1 |      42 |       0 |   0.0 |      24 |       0 |   0.0
        D:2 |     156 |      39 |  20.0 |      21 |       3 |  12.5
        D:3 |      31 |       0 |   0.0 |      15 |       0 |   0.0
        D:4 |     333 |       0 |   0.0 |      15 |       0 |   0.0
            +---------+---------+-------+---------+---------+-------
